 Dungeon Crawl Stone Soup version 0.31.0-9-g3a7656b989 (webtiles) character file.

Game seed: 17385371312290696141

8 Colgate the Poker (level 2, 24/24 HPs)
             Began as a Demonspawn Cinder Acolyte on Feb 3, 2024.
             Was a High Priest of Ignis.
             Quit the game on level 1 of the Dungeon.
             The game lasted 00:00:12 (106 turns).

Colgate the Poker (Demonspawn Cinder Acolyte)        Turns: 106, Time: 00:00:13

Health: 24/24      AC:  2    Str: 14    XL:     2   Next: 0%
Magic:  3/3        EV: 11    Int: 14    God:    Ignis [*****.]
Gold:   18         SH:  0    Dex:  8    Spells: 3/3 levels left

rFire   + . .        a - -1 spear (flame)
rCold   . . .        (no shield)
rNeg    . . .        b - +0 robe
rPois   .            (no helmet)
rElec   .            (no cloak)
rCorr   .            (no gloves)
SInv    .            (no boots)
Will    .....        (no amulet)
Stlth   +            (no ring)
HPRegen 0.24/turn    (no ring)
MPRegen 0.08/turn

%: no passive effects
@: no status effects
A: demonic magic 1
a: Renounce Religion, Fiery Armour, Foxfire Swarm, Rising Flame


You were on level 1 of the Dungeon.
You worshipped Ignis.
Ignis was extremely pleased with you.
You visited 1 branch of the dungeon, and saw 1 of its levels.

You collected 18 gold pieces.

Inventory:

Hand Weapons
 a - a -1 spear of flaming (weapon)
Armour
 b - a +0 robe (worn)
Scrolls
 c - a scroll of butterflies {unknown}


   Skills:
 - Level 3.0 Fighting
 + Level 3.2 Polearms
 - Level 1.0 Spellcasting
 - Level 2.6 Fire Magic


You had 3 spell levels left.
You didn't know any spells.
Your spell library contained the following spells:

 Spells                   Type           Power      Damage    Failure   Level
 Scorch                   Fire           16%        2d5       13%         2


Dungeon Overview and Level Annotations

Branches:
Dungeon (1/15)

Altars:


Innate Abilities, Weirdness & Mutations

Spells you cast may paralyse adjacent enemies.


Message History

A kobold comes into view. It is wielding a +0 whip.
A kobold is nearby!
A kobold is nearby!
A bat comes into view.
There are monsters nearby!
You hit the kobold but do no damage. The kobold barely misses you.
There are monsters nearby!
You barely miss the kobold. The bat barely misses you.
The kobold barely misses you.
There are monsters nearby!
You closely miss the kobold. Your punch misses the kobold.
The kobold closely misses you. The bat hits you but does no damage.
There are monsters nearby!
You hit the kobold. You burn the kobold.
You kill the kobold!
The bat hits you but does no damage. The bat barely misses you.
A bat is nearby!
You barely miss the bat. The bat hits you but does no damage.
A bat is nearby!
You reach to attack!
You closely miss the bat. The bat hits you.
A bat is nearby!
You reach to attack!
You hit the bat but do no damage. The bat barely misses you.
A bat is nearby!
You barely miss the bat. The bat hits you but does no damage.
A bat is nearby!
You reach to attack!
You miss the bat. The bat barely misses you.
A bat is nearby!
You hit the bat but do no damage. The bat hits you.
A bat is nearby!
The bat barely misses you.
Things that are here:
a +0 whip; a kobold corpse A bat is nearby!
You reach to attack!
You hit the bat. You burn the bat.
You kill the bat!
You have reached level 2!
Your demonic ancestry asserts itself...
A menacing aura infuses your magic.
Are you sure you want to abandon this character and quit the game? (Confirm with "yes".)

......... . .......#.
.. ......... ...
......... ..###.....$..
#.# ..........# #..
#.##......#
###.###.##.@....# .
#........##...#....
#........#)...#....
#........#.....#:..
##.................# ..
...........>........
...###...............?.
#.. #.................
#.##.................


There were no monsters in sight!

Vanquished Creatures
  A bat (D:1)
  An endoplasm (D:1)
  2 goblins (D:1)
  A ball python (D:1)
  2 kobolds (D:1)
7 creatures vanquished.

Notes
Turn   | Place    | Note
-------+----------+-------------------------------------------
     0 | D:1      | Colgate the Demonspawn Cinder Acolyte began the quest for
                  | the Orb.
     0 | D:1      | Reached XP level 1. HP: 18/18 MP: 2/2
   106 | D:1      | Gained mutation: Spells you cast may paralyse adjacent
                  | enemies. [demonic ancestry]
   106 | D:1      | Reached XP level 2. HP: 24/24 MP: 3/3
   106 | D:1      | Quit the game

Illustrated notes

Levels and vault maps discovered:
D:1:      eino_arrival_cavern_e, layout_rooms

Skill      XL: |  1 |
---------------+----+-----
Polearms       | 3 |  3.2
Fighting       | |  3.0
Spellcasting   | |  1.0
Fire Magic     | |  2.6

Action                     || total
---------------------------++-------
  Melee: Spear             ||    21
 Armour: Robe              ||    10
  Dodge: Dodged            ||     9
